 Dungeon Crawl Stone Soup version 0.24-a0-515-gbe7f5e2e8d (webtiles) character file.

Game seed: 7622887844056795908

26 Inquire the Ducker (level 2, -6/24 HPs)
             Began as a Minotaur Enchanter on July 21, 2019.
             Engulfed by a cloud of flame (18 damage)
             ... on level 1 of the Dungeon.
             The game lasted 00:00:54 (729 turns).

Inquire the Ducker (Minotaur Enchanter)              Turns: 729, Time: 00:00:55

Health: -6/24      AC:  2    Str: 12    XL:     2   Next: 89%
Magic:  3/3        EV: 13    Int: 12    God:
Gold:   18         SH:  0    Dex: 10    Spells: 2/3 levels left

rFire    . . .     SeeInvis .   a - +2 dagger
rCold    . . .     Gourm    .   (no shield)
rNeg     . . .     Faith    .   b - +0 robe
rPois    .         Spirit   .   (helmet restricted)
rElec    .         Reflect  .   (no cloak)
rCorr    .         Harm     .   (no gloves)
MR       .....                  (no boots)
Stlth    ++........             (no amulet)
HPRegen  0.08/turn              (no ring)
MPRegen  0.08/turn              (no ring)

@: no status effects
A: retaliatory headbutt, horns 2
a: no special abilities


You were on level 1 of the Dungeon.
You were not hungry.

You visited 1 branch of the dungeon, and saw 1 of its levels.

You collected 18 gold pieces.

Inventory:

Hand Weapons
 a - a +2 dagger (weapon)
Missiles
 g - 6 curare-tipped darts (quivered)
Armour
 b - a +0 robe (worn)
Scrolls
 e - a scroll of fog
Potions
 c - a potion of lignification
Comestibles
 d - 3 rations


   Skills:
 * Level 2.1 Fighting
 - Level 1.1 Short Blades
 * Level 3.1 Dodging
 - Level 2.4 Stealth
 - Level 1.3 Spellcasting
 - Level 2.0 Hexes


You had 2 spell levels left.
You knew the following spells:

 Your Spells              Type           Power        Failure   Level  Hunger
a - Corona                Hex            #......      13%         1    ##.....

Your spell library contained the following spells:

 Spells                   Type           Power        Failure   Level  Hunger
 Ensorcelled Hibernation  Hex/Ice        #.....       28%         2    ###....
 Confuse                  Hex            #.......     36%         3    ####...
 Tukima's Dance           Hex            #.......     36%         3    ####...
 Dazzling Spray           Conj/Hex       #.....       50%         3    ####...


Dungeon Overview and Level Annotations

Branches:
Dungeon (1/15)

Altars:


Innate Abilities, Weirdness & Mutations

You reflexively headbutt those who attack you in melee.
You have a pair of horns on your head.


Message History

Moving in this stuff is going to be slow.
As you open the door, it creaks loudly!
There is an open door here.
f - a scroll labeled KEOB MAUMA You open the door.
There is an open door here.
You open the door.
A rat comes into view.
There is an open door here.
A rat is nearby!
As you read the scroll labeled KEOB MAUMA, it crumbles to dust.
The creatures around you are filled with an inner flame!
It was a scroll of immolation.
The rat bites you but does no damage.
You hit the rat.
The rat explodes!
The fiery explosion engulfs you!
Ouch! That really hurt!
You are engulfed in blazing flames.
Ouch! That really hurt!
You die...

.#...###.....# #...♣♣###### #.#
.............# ♣....♣#<...# #^#
...........#.# ♣....♣#....#♣# #.#
....>......#.# ♣....♣#...##≈♣ #..
...........#.# ####..#.#'#≈≈♣♣#.#
...#.......+.# #..#..#.#<#≈≈≈♣#.#
...#.#.....#.# #§.#..#'###≈≈≈♣#.#
..##.#.....#.###§§#♣......≈≈≈♣#..
.###.#........##@##♣.....≈≈≈≈≈##.
..##.#........##..######.≈8≈8≈#..
..##.##.......##....'..##≈≈≈.≈##.
..##.........)#######...#≈≈8≈≈##.
...#..........# #...#.≈≈≈♣##.
.........#)...# ##.##.≈≈≈♣##.
.........#.#..# #..♣#'#..≈≈♣♣#..
.........#...## #........♣≈♣ #..
.....#...###.#######.....♣♣####..


There were no monsters in sight!

Vanquished Creatures
  A leopard gecko (D:1)
  A giant cockroach (D:1)
  3 goblins (D:1)
  5 hobgoblins (D:1)
  5 kobolds (D:1)
  A bat (D:1)
  2 frilled lizards (D:1)
  6 rats (D:1)
24 creatures vanquished.

Notes
Turn   | Place    | Note
-------+----------+-------------------------------------------
     0 | D:1      | Inquire the Minotaur Enchanter began the quest for the Orb.
     0 | D:1      | Reached XP level 1. HP: 14/14 MP: 1/1
    63 | D:1      | Reached skill level 1 in Fighting
   115 | D:1      | Reached XP level 2. HP: 21/23 MP: 3/3
   403 | D:1      | Reached skill level 3 in Dodging
   729 | D:1      | Engulfed by a cloud of flame

Levels and vault maps discovered:
D:1:      sevenhm_arrival_forest_fort_small_5, layout_basic

Skill      XL: |  1  2 |
---------------+-------+-----
Fighting       | 1 2 |  2.1
Dodging        | 3 |  3.1
Short Blades   | |  1.1
Stealth        | |  2.4
Spellcasting   | |  1.3
Hexes          | |  2.0

Action                   || total
-------------------------++-------
Melee: Dagger            ||    46
       Headbutt          ||     3
  Use: Scroll            ||     4
 Stab: Sleeping          ||     1
Armor: Robe              ||     7
Dodge: Dodged            ||    27

Table legend:
 A = Non-vault XP
 B = Vault XP
 C = Vault XP percentage of total XP
 D = Non-vault monster count
 E = Vault monster count
 F = Vault count percentage of total count
                 A         B        C        D         E       F
            +---------+---------+-------+---------+---------+-------
      Total |      38 |       0 |   0.0 |      24 |       0 |   0.0
            +---------+---------+-------+---------+---------+-------
        D:1 |      38 |       0 |   0.0 |      24 |       0 |   0.0
            +---------+---------+-------+---------+---------+-------
